 Dungeon Crawl Stone Soup version 0.27-a0-1434-g6f15984924 (webtiles) character file.

Game seed: 1513079715428937374

1362 Gargoyl the Skirmisher (level 8, -2/73 HPs)
             Began as a Gnoll Abyssal Knight on July 3, 2021.
             Was a Believer of Lugonu.
             Slain by a gnoll (9 damage)
             ... on level 6 of the Dungeon.
             The game lasted 00:07:00 (5576 turns).

Gargoyl the Skirmisher (Gnoll Abyssal Knight)       Turns: 5576, Time: 00:07:01

Health: -2/73      AC:  9    Str: 13    XL:     8   Next: 64%
Magic:  13/13      EV: 10    Int: 11    God:    Lugonu [**....]
Gold:   148        SH:  0    Dex: 13    Spells: 13/13 levels left

rFire    . . .     SeeInvis .   a - +1 hand axe
rCold    + . .     Faith    .   (no shield)
rNeg     . . .     Spirit   .   d - +0 scale mail
rPois    .         Reflect  .   (helmet restricted)
rElec    .         Harm     .   (no cloak)
rCorr    .         Rampage  .   f - +1 pair of gloves
Will     .....                  (no boots)
Stlth    +.........             (no amulet)
HPRegen  0.22/turn              j - ring of protection from cold
MPRegen  0.13/turn              (no ring)

@: no status effects
A: fangs 1, strong nose, distributed training, horns 1, robust 1, subdued magic
1
a: Renounce Religion, Depart the Abyss, Bend Space


You were on level 6 of the Dungeon.
You worshipped Lugonu.
Lugonu was pleased with you.
You visited 2 branches of the dungeon, and saw 7 of its levels.
You visited the Abyss 1 time.

You collected 148 gold pieces.

Inventory:

Hand Weapons
 a - a +1 hand axe (weapon)
Missiles
 h - 5 atropa-tipped darts
Armour
 d - a +0 scale mail (worn)
 f - a +1 pair of gloves (worn)
 m - a +0 helmet
Jewellery
 j - a ring of protection from cold (left hand)
Wands
 g - a wand of iceblast (5)
Scrolls
 b - 3 scrolls of teleportation


   Skills:
 + Level 7.4 Fighting
 + Level 3.4 Short Blades
 + Level 3.4 Long Blades
 + Level 5.8 Axes
 + Level 3.4 Maces & Flails
 + Level 3.4 Polearms
 + Level 3.4 Staves
 + Level 3.4 Slings
 + Level 3.4 Bows
 + Level 3.4 Crossbows
 + Level 3.4 Throwing
 + Level 5.8 Armour
 + Level 4.3 Dodging
 + Level 3.4 Stealth
 + Level 3.4 Shields
 + Level 3.4 Unarmed Combat
 + Level 3.4 Spellcasting
 + Level 2.8 Conjurations
 + Level 2.8 Hexes
 + Level 2.8 Summonings
 + Level 2.8 Necromancy
 + Level 2.8 Translocations
 + Level 2.8 Transmutations
 + Level 2.8 Fire Magic
 + Level 2.8 Ice Magic
 + Level 2.8 Air Magic
 + Level 2.8 Earth Magic
 + Level 2.8 Poison Magic
 + Level 6.0 Invocations
 + Level 3.4 Evocations


You had 13 spell levels left.
You didn't know any spells.
Your spell library contained the following spells:

 Spells                   Type           Power      Damage    Failure   Level
 Apportation              Tloc           12%        N/A       28%         1
 Sting                    Tmut/Pois      24%        1d4       28%         1
 Poisonous Vapours        Pois/Air       12%        N/A       38%         2
 Call Canine Familiar     Summ           6%         N/A       63%         3
 Dazzling Flash           Conj/Hex       12%        N/A       63%         3
 Portal Projectile        Hex/Tloc       12%        N/A       63%         3
 Iskenderun's Mystic Bla  Conj/Tloc      6%         2d4       96%         4
 Leda's Liquefaction      Hex/Erth       3%         N/A       96%         4
 Olgreb's Toxic Radiance  Pois           6%         N/A       96%         4
 Alistair's Intoxication  Tmut/Pois      4%         N/A       100%        5
 Invisibility             Hex            3%         N/A       100%        6
 Starburst                Conj/Fire      3%         8x6d3     100%        6


Dungeon Overview and Level Annotations

Branches:
Dungeon (6/15)             Temple (1/1) D:4

Altars:
Ashenzari
Cheibriados
Dithmenos
Elyvilon
Gozag
Makhleb
Nemelex Xobeh
Qazlal
Ru
Trog
Yredelemnul
The Shining One

Annotations:
D:5 Dowan, Duvessa


Innate Abilities, Weirdness & Mutations

You have very sharp teeth.
Your uncanny sense of smell can sniff out nearby items.
Your experience applies equally to all skills.
You have a pair of small horns on your head.
You are robust. (+10% HP)
Your spells are a little easier to cast, but a little less powerful.


Message History

You are no longer corroded.
You start resting.
A gnoll sergeant is nearby!
A gnoll sergeant is nearby!
The gnoll sergeant shouts!
The gnoll shouts!
You hear a shout!
The gnoll shouts! x2
The gnoll sergeant hits you from afar with a +0 vorpal spear!
The gnoll sergeant hits you with a +0 vorpal spear!
You hit the gnoll sergeant but do no damage.
You hit the gnoll.
The gnoll is heavily wounded.
You hit the gnoll sergeant.
The gnoll sergeant hits you but does no damage.
The gnoll barely misses you.
The gnoll sergeant hits you with a +0 vorpal spear.
The gnoll hits you with a +0 whip. The gnoll hits you but does no damage.
The gnoll hits you with a +0 whip.
There is an open door here.
Unknown command.
You closely miss the gnoll. You hit the gnoll. You hit the gnoll sergeant.
You hit the gnoll. You closely miss the gnoll. The gnoll barely misses you.
The gnoll sergeant barely misses you.
The gnoll hits you but does no damage. x2
The gnoll barely misses you. The gnoll hits you with a +0 flail!
You hit the gnoll. You bite the gnoll, but do no damage.
The gnoll is heavily wounded.
You hit the gnoll but do no damage.
You hit the gnoll sergeant but do no damage.
You hit the gnoll.
You kill the gnoll!
Lugonu accepts your kill.
You closely miss the gnoll.
The gnoll sergeant hits you with a +0 vorpal spear.
* * * LOW HITPOINT WARNING * * *
x2 The gnoll hits you with a +0 flail.
* * * LOW HITPOINT WARNING * * *
The gnoll hits you with a +0 whip!
* * * LOW HITPOINT WARNING * * *
The gnoll hits you with a +0 flail!
You die...

#.##$###.?..#... ∆
#.#.........#....# ##
#...........#....#. .#
##..).....# #..... .#
#..##'###### #...########.#
#.#..).....# #P≈≈≈......#.#
#..#........###.≈♣..###.##.# J
#..##)......g#g..≈≈..#......#.
....###........@g....###.#......
.##...........)#g..### #.#######
#........############ #.#
###.....# #.# #.....# #.#
#.....# #.# #.....# #.#######
#.....# #........ ###....
#..>....#


You could see a gnoll sergeant and 3 gnolls.

Vanquished Creatures
  Grinder (D:4)
  A wyvern (D:6)
  Eustachio (Temple)
  A steam dragon (D:4)
  A necrophage (D:6)
  A centaur (D:6)
  A phantom (D:4)
  A water moccasin zombie (D:5)
  A howler monkey (D:6)
  A water moccasin skeleton (D:6)
  2 bullfrog zombies (D:6)
  A hound (D:5)
  A gnoll shaman (D:5)
  A jelly (D:6)
  Ijyb (D:4)
  An orc wizard (D:6)
  2 hound skeletons (D:4)
  Robin (D:3)
  4 gnolls
  3 adders
  A shadow imp (D:6)
  An adder skeleton (D:4)
  A dart slug (D:4)
  An orc (D:5)
  3 bats
  5 endoplasms
  6 giant cockroaches
  12 goblins
  9 hobgoblins
  12 jackals
  2 quokkas
  6 ball pythons
  2 frilled lizards (D:2)
  6 kobolds
  5 rats
99 creatures vanquished.

Vanquished Creatures (others)
  A plant (D:6)
1 creature vanquished.

Grand Total: 100 creatures vanquished

Notes
Turn   | Place    | Note
-------+----------+-------------------------------------------
     0 | Abyss:1  | Gargoyl the Gnoll Abyssal Knight began the quest for the
                  | Orb.
     0 | Abyss:1  | Reached XP level 1. HP: 23/23 MP: 3/3
    51 | Abyss:2  | Noticed a thrashing horror
    56 | D:1      | Escaped the Abyss
   490 | D:1      | Found a faded altar of an unknown god.
   497 | D:1      | Reached * piety under Lugonu
   537 | D:1      | Reached XP level 2. HP: 29/29 MP: 5/5
   664 | D:1      | Reached XP level 3. HP: 21/35 MP: 6/6
  1320 | D:2      | Reached skill level 1 in Short Blades
  1320 | D:2      | Reached skill level 1 in Long Blades
  1320 | D:2      | Reached skill level 1 in Maces & Flails
  1320 | D:2      | Reached skill level 1 in Polearms
  1320 | D:2      | Reached skill level 1 in Staves
  1320 | D:2      | Reached skill level 1 in Slings
  1320 | D:2      | Reached skill level 1 in Bows
  1320 | D:2      | Reached skill level 1 in Crossbows
  1320 | D:2      | Reached skill level 1 in Throwing
  1320 | D:2      | Reached skill level 1 in Stealth
  1320 | D:2      | Reached skill level 1 in Shields
  1320 | D:2      | Reached skill level 1 in Unarmed Combat
  1320 | D:2      | Reached skill level 1 in Spellcasting
  1320 | D:2      | Reached skill level 1 in Evocations
  1487 | D:2      | Reached ** piety under Lugonu
  1592 | D:2      | Reached XP level 4. HP: 33/41 MP: 7/7
  1924 | D:3      | Noticed Robin
  1940 | D:3      | Killed Robin
  2191 | D:3      | Reached skill level 1 in Conjurations
  2191 | D:3      | Reached skill level 1 in Hexes
  2191 | D:3      | Reached skill level 1 in Summonings
  2191 | D:3      | Reached skill level 1 in Necromancy
  2191 | D:3      | Reached skill level 1 in Translocations
  2191 | D:3      | Reached skill level 1 in Transmutations
  2191 | D:3      | Reached skill level 1 in Fire Magic
  2191 | D:3      | Reached skill level 1 in Ice Magic
  2191 | D:3      | Reached skill level 1 in Air Magic
  2191 | D:3      | Reached skill level 1 in Earth Magic
  2191 | D:3      | Reached skill level 1 in Poison Magic
  3087 | D:4      | Found a staircase to the Ecumenical Temple.
  3099 | D:4      | Noticed Eustachio
  3100 | D:4      | Noticed a phantom
  3105 | Temple   | Entered the Ecumenical Temple
  3138 | Temple   | Killed Eustachio
  3139 | Temple   | Reached skill level 5 in Invocations
  3139 | Temple   | Reached XP level 5. HP: 39/47 MP: 8/8
  3139 | Temple   | Reached XP level 6. HP: 44/53 MP: 9/9
  3168 | D:4      | Reached skill level 5 in Axes
  3168 | D:4      | Reached skill level 5 in Armour
  3225 | D:4      | Noticed Ijyb
  3229 | D:5      | Entered Level 5 of the Dungeon
  3306 | D:4      | Killed Ijyb
  3330 | D:4      | Noticed Grinder
  3335 | D:4      | Paralysed by Grinder for 2 turns
  3371 | D:4      | Killed Grinder
  3372 | D:4      | Reached skill level 7 in Fighting
  3372 | D:4      | Reached XP level 7. HP: 5/60 MP: 9/11
  3794 | D:4      | Found a snail-covered altar of Cheibriados.
  3801 | D:4      | Noticed a steam dragon
  3822 | D:4      | Killed a steam dragon
  4365 | D:5      | Noticed Duvessa
  4365 | D:5      | Noticed Dowan
  4691 | D:6      | Noticed a wyvern
  4710 | D:6      | Killed a wyvern
  4711 | D:6      | Reached XP level 8. HP: 19/67 MP: 12/12
  5014 | D:6      | Gained mutation: You have a pair of small horns on your
                  | head. [potion of mutation]
  5014 | D:6      | Gained mutation: Your spells are a little easier to cast,
                  | but a little less powerful. [potion of mutation]
  5014 | D:6      | Gained mutation: You are robust. (+10% HP) [potion of
                  | mutation]
  5576 | D:6      | Slain by a gnoll

Illustrated notes

Levels and vault maps discovered:
D:1:      amcnicky_arrival_gap_in_the_tavern_cellar, layout_basic,
          basic_ecumenical_altar
D:2:      minmay_spotlight, layout_loops_ring
D:3:      layout_basic, minmay_misc_feat_four_crosses, minmay_misc_feat_chi,
          minmay_misc_feat_rows, chequers_serial_rivers_small_b,
          chequers_serial_rivers_marsh, uniq_robin
D:4:      layout_basic, old_standard_altar,
          minmay_temple_entry_drinking_statues, uniq_eustachio, uniq_grinder,
          uniq_ijyb
D:5:      layout_basic, hellmonk_ghost_happy_afterlife, uniq_duvessa
D:6:      layout_basic, serial_bayou_pond_d, minmay_manual_moon
Temple:   compressed_dpeg_triangle_lava_temple

Skill      XL: |  1  2  3  4  5  6  7  8 |
---------------+-------------------------+-----
Short Blades   | 1 2 3 |  3.4
Long Blades    | 1 2 3 |  3.4
Maces & Flails | 1 2 3 |  3.4
Polearms       | 1 2 3 |  3.4
Staves         | 1 2 3 |  3.4
Slings         | 1 2 3 |  3.4
Bows           | 1 2 3 |  3.4
Crossbows      | 1 2 3 |  3.4
Throwing       | 1 2 3 |  3.4
Stealth        | 1 2 3 |  3.4
Shields        | 1 2 3 |  3.4
Unarmed Combat | 1 2 3 |  3.4
Spellcasting   | 1 2 3 |  3.4
Evocations     | 1 2 3 |  3.4
Conjurations   | 1 2 |  2.8
Hexes          | 1 2 |  2.8
Summonings     | 1 2 |  2.8
Necromancy     | 1 2 |  2.8
Translocations | 1 2 |  2.8
Transmutations | 1 2 |  2.8
Fire Magic     | 1 2 |  2.8
Ice Magic      | 1 2 |  2.8
Air Magic      | 1 2 |  2.8
Earth Magic    | 1 2 |  2.8
Poison Magic   | 1 2 |  2.8
Dodging        | 3 4 |  4.3
Invocations    | 5 6 |  6.0
Axes           | 5 |  5.8
Armour         | 5 |  5.8
Fighting       | 7 |  7.4

Action                   |  1- 3 |  4- 6 |  7- 9 || total
-------------------------+-------+-------+-------++-------
Melee: Hand axe          |   131 |   137 |   183 ||   451
       Bite              |    12 |    14 |    26 ||    52
       Punch             |       |       |     2 ||     2
       Headbutt          |       |       |    10 ||    10
Invok: Depart the Abyss  |     1 |       |       ||     1
Evoke: Wand              |       |     2 |       ||     2
  Use: Scroll            |     2 |     3 |     3 ||     8
       Potion            |       |     6 |     5 ||    11
 Stab: Invisible         |       |     1 |     1 ||     2
Armor: Scale mail        |    99 |   148 |    96 ||   343
Dodge: Dodged            |    70 |   139 |   136 ||   345

Table legend: (Time is in decaauts)
 A = Elapsed time spent in this place.
 B = Non-inter-level travel time spent in this place.
 C = Inter-level travel time spent in this place.
 D = Time resting spent in this place.
 E = Time spent auto-exploring this place.
 F = Levels seen in this place.
 G = Mean time per level.
                   A        B        C        D        E       F      G
               +--------+--------+--------+--------+--------+-----+--------+
         Total |   5583 |   5508 |     75 |    736 |   3785 |   9 |  620.3 |
       Dungeon |   5491 |   5416 |     75 |    736 |   3763 |   6 |  915.2 |
        Temple |     36 |     36 |      0 |      0 |      0 |   1 |   36.0 |
         Abyss |     55 |     55 |      0 |      0 |     22 |   2 |   27.5 |
               +--------+--------+--------+--------+--------+-----+--------+

Top non-repeatable levels by time:
     D:3: 1051 daAuts
     D:4: 1037 daAuts
     D:1: 953 daAuts
     D:2: 919 daAuts
     D:6: 895 daAuts
     D:5: 633 daAuts
 Abyss:2: 41 daAuts
  Temple: 36 daAuts
 Abyss:1: 14 daAuts
